Map: 2000 Atmospheres LE

Players

A.I. 1 (Very Easy)

  • Race: Zerg Zerg

Lake - Winner!

  • Race: Terran Terran
  • League: Diamond

VOD

Have the link to the VOD?

Description

Time

  • Played on: March 22, 2022, 12:31 p.m.
  • Length: 9:36
Show
View Real Time Build Order
Export as new Build Order

A.I. 1 (Very Easy) Zerg 

Build Orders: Pool First 

Get SALT Encoding   

  12  0:01  Drone  
  13  0:12  Overlord  
  13  0:16  Drone  
  14  0:35  Spawning Pool  
  13  0:36  Extractor  
  13  0:39  Drone  
  13  0:46  Drone  
  14  0:51  Overlord  
  14  1:22  Zergling x2, Queen  
  17  1:30  Roach Warren  
  17  1:32  Drone  
  17  1:35  Zergling x2  
  18  1:43  Drone  
  19  1:47  Zergling x2  
  21  1:54  Drone  
  21  2:05  Drone  
  23  2:15  Drone  
  23  2:26  Drone  
  23  2:28  Overlord  
  24  2:33  Drone  
  25  4:54  Drone  
  25  4:55  Extractor, Lair  
  25  5:01  Drone  
  26  5:08  Drone  
  27  5:16  Zergling x2, Drone  
  26  5:23  Drone  
  27  5:30  Drone  
  27  5:31  Overlord  
  28  5:37  Drone  
  29  5:44  Zergling x2  
  30  5:55  Overseer  
  30  5:56  Overseer  
  30  5:57  Spire  
  30  5:58  Drone  
  30  6:25  Hatchery, Drone  
  30  7:09  Mutalisk  
  32  7:38  Drone  
  33  7:45  Drone  
  33  7:48  Extractor  
  33  7:51  Extractor  
  32  7:52  Drone  
  33  7:59  Drone  
  34  8:07  Drone  
  35  8:13  Zergling x2  
  35  8:14  Drone  
  30  8:21  Drone  
  30  8:24  Overlord  
  31  8:29  Drone  
  25  8:36  Drone  
  24  8:41  Roach  
  24  8:43  Drone  
  27  8:50  Drone  
  28  8:58  Drone, Overlord  
  26  9:05  Drone  
  26  9:06  Overseer  
  17  9:10  Zergling x2  
  17  9:12  Drone  
Show
View Real Time Build Order
Export as new Build Order

Lake Terran - Winner!

Build Orders: Reaper Expand, Hellion Banshee 

Get SALT Encoding   

  12  0:00  SCV  
  13  0:12  SCV  
  14  0:17  Supply Depot  
  14  0:24  SCV  
  15  0:38  SCV  
  15  0:40  Barracks  
  16  0:43  Refinery  
  16  0:50  SCV  
  17  1:03  SCV  
  18  1:15  SCV  
  19  1:27  Orbital Command, Reaper  
  20  1:41  Supply Depot  
  20  1:45  Command Center  
  20  1:50  Supply Depot  
  20  1:58  SCV, Marine  
  22  2:10  SCV  
  22  2:15  Factory  
  23  2:20  Barracks Reactor  
  23  2:22  SCV  
  24  2:34  SCV  
  25  2:46  SCV  
  26  2:55  Refinery  
  26  2:58  SCV  
  27  3:05  Orbital Command  
  27  3:08  Hellion x2, Barracks Tech Lab  
  27  3:09  Starport  
  27  3:11  SCV  
  32  3:20  Supply Depot  
  32  3:23  SCV  
  33  3:28  Marine  
  33  3:31  Hellion x2  
  38  3:34  SCV  
  38  3:35  SCV  
  40  3:44  Supply Depot  
  40  3:46  SCV  
  41  3:59  SCV x2  
  41  4:01  Hellion x2, Barracks Tech Lab  
  47  4:11  SCV  
  47  4:12  SCV  
  49  4:17  Supply Depot  
  49  4:22  Marine  
  49  4:23  Command Center, SCV  
  49  4:24  SCV, Hellion  
  54  4:28  Banshee  
  54  4:30  Cloaking Field  
  57  4:35  Hellion  
  57  4:37  SCV  
  60  4:40  SCV, Marine  
  62  4:49  SCV  
  62  4:51  Hellion  
  62  4:52  SCV  
  66  4:59  Marine, Supply Depot  
  67  5:00  Hellion  
  67  5:01  SCV  
  70  5:14  Refinery  
  70  5:15  Refinery  
  70  5:16  Engineering Bay x2  
  70  5:20  SCV x2, Marine, Banshee  
  76  5:31  Factory Reactor  
  76  5:32  SCV x2  
  78  5:38  Orbital Command  
  78  5:39  Marine  
  79  5:43  Stimpack  
  79  5:44  SCV x2  
  79  5:45  Terran Infantry Armor Level 1, Terran Infantry Weapons Level 1  
  81  5:56  SCV x2  
  83  6:05  Barracks  
  83  6:06  Barracks, Marine, Supply Depot x2  
  83  6:09  SCV x2  
  86  6:12  Orbital Command  
  86  6:15  Starport Reactor  
  86  6:20  Siege Tank  
  86  6:21  SCV x2  
  86  6:23  Marine  
  92  6:29  Armory  
  92  6:33  SCV x2  
  92  6:38  SCV  
  95  6:43  Marine  
  95  6:45  SCV x2  
  98  6:50  SCV  
  98  6:54  Supply Depot x2  
  99  6:57  SCV, Supply Depot  
  99  6:58  Barracks, SCV  
  99  7:00  Barracks, Siege Tank  
  104  7:01  Marine x2  
  104  7:02  Medivac  
  104  7:03  Marine  
  109  7:15  SCV, Medivac  
  112  7:16  Marine x2  
  112  7:17  Supply Depot  
  112  7:19  Marine, Supply Depot  
  115  7:24  Refinery  
  115  7:26  Marine x2  
  115  7:27  SCV, Refinery  
  118  7:32  Medivac  
  118  7:33  Siege Tank  
  118  7:35  SCV  
  118  7:36  Terran Vehicle Weapons Level 1  
  124  7:39  Marine x3  
  124  7:41  SCV x2  
  124  7:44  Marine  
  129  7:46  Supply Depot  
  129  7:50  Supply Depot  
  130  7:52  Supply Depot  
  130  7:53  SCV x2  
  130  7:55  Supply Depot  
  130  7:57  SCV  
  133  8:05  Marine x5  
  134  8:08  Siege Tank  
  134  8:10  Medivac  
  143  8:19  Command Center  
  143  8:23  Marine x3  
  143  8:24  Barracks Reactor x2  
  143  8:25  SCV x3  
  149  8:29  Marine x2, Supply Depot  
  149  8:30  Supply Depot  
  151  8:37  SCV x2  
  151  8:41  Marine x2  
  155  8:44  Marine  
  155  8:45  Siege Tank  
  155  8:47  Marine x2, Medivac x2  
  165  9:02  Marine x5  
  165  9:03  Marine x2  
  165  9:05  Marine  
  165  9:06  SCV x3  
  176  9:14  Barracks  
  176  9:16  Barracks  
  178  9:17  Marine  
  178  9:18  SCV x2  
  178  9:20  Barracks  
Tags
 
Add a new tag
Caveats
  • Supply blocks, unpowered buildings, or Contaminate may cause inaccurate times.
  • Supply counts are checked every 10 seconds.